 Dungeon Sprint DCSS version 0.23.0 (webtiles) character file.

Game seed: 5753364216494926920

22500000 Fang the Conqueror (level 27, -27/249 HPs)
             Began as a Demonspawn Gladiator on Feb 13, 2019.
             Was the Champion of Makhleb.
             Annihilated by a meat berserker
             ... wielding a +9 battleaxe
              (78 damage)
             ... in the Dungeon (Sprint VIII: "Arena of Blood").
             The game lasted 00:03:35 (225 turns).

Fang the Conqueror (Demonspawn Gladiator)            Turns: 225, Time: 00:03:36

Health: -27/249    AC:  6    Str: 24    XL:     27
Magic:  0/54       EV: 32    Int: 12    God:    Makhleb [******]
Gold:   0          SH:  0    Dex: 16    Spells: 80/80 levels left

rFire    . . .     SeeInvis +   l - +∞ Axe of Woe
rCold    + . .     Gourm    .   (shield currently unavailable)
rNeg     . . .     Faith    .   b - +0 leather armour
rPois    .         Spirit   +   (helmet unavailable)
rElec    .         Reflect  .   (no cloak)
rCorr    .         Harm     .   (gloves unavailable)
MR       ++...     NoTele   +   (boots unavailable)
Stlth    +++.......             (no amulet)
HPRegen  0.51/turn              m - ring of see invisible
MPRegen  0.68/turn              (no ring)

@: no status effects
A: claws 3, horns 3, talons 3, cold resistance 1, passive freeze, spiny 3, magic
shield, magic regeneration, magic link, freezing cloud immunity
0: Orb of Zot
a: Minor Destruction, Lesser Servant of Makhleb, Major Destruction, Greater
Servant of Makhleb, Renounce Religion


You were in the Dungeon.
You worshipped Makhleb.
Makhleb was exalted by your worship.
You were not hungry.

You visited 1 branch

Inventory:

Hand Weapons
 a - a +0 war axe
 l - the +∞ Axe of Woe (weapon)
   (You found it in the Dungeon)
Missiles
 d - 3 throwing nets (quivered)
Armour
 b - a +0 leather armour (worn)
 c - a +0 helmet
Jewellery
 m - a ring of see invisible (left claw)
Scrolls
 k - a scroll of blinking
Potions
 e - a potion of curing
 g - a potion of heal wounds
 h - a potion of haste
 i - 2 potions of magic
 j - a potion of berserk rage
Comestibles
 f - a ration


   Skills:
 O Level 27 Fighting
 O Level 27 Short Blades
 O Level 27 Long Blades
 O Level 27 Axes
 O Level 27 Maces & Flails
 O Level 27 Polearms
 O Level 27 Staves
 O Level 27 Slings
 O Level 27 Bows
 O Level 27 Crossbows
 O Level 27 Throwing
 O Level 27 Armour
 O Level 27 Dodging
 O Level 27 Stealth
 O Level 27 Shields
 O Level 27 Unarmed Combat
 O Level 27 Spellcasting
 O Level 27 Conjurations
 O Level 27 Hexes
 O Level 27 Charms
 O Level 27 Summonings
 O Level 27 Necromancy
 O Level 27 Translocations
 O Level 27 Transmutations
 O Level 27 Fire Magic
 O Level 27 Ice Magic
 O Level 27 Air Magic
 O Level 27 Earth Magic
 O Level 27 Poison Magic
 O Level 27 Invocations
 O Level 27 Evocations


You had 80 spell levels left.
You didn't know any spells.
Your spell library was empty.

Dungeon Overview and Level Annotations

Branches:
Dungeon (1/1)

Altars:
Makhleb


Innate Abilities, Weirdness & Mutations

You have claws for hands.
You have a pair of large horns on your head.
You have claws for feet.
Your flesh is cold resistant. (rC+)
A frigid envelope surrounds you and freezes all who hurt you.
You are completely covered in sharp spines.
When hurt, damage is shared between your health and your magic reserves.
You regenerate magic rapidly.
When low on magic, you restore magic in place of health.
You are immune to freezing clouds.


Message History

You hear a shout!
The bag of meat shouts!
You are too injured to fight recklessly!
You are engulfed in blazing flames.
You hear a shout!
The large bag of meat is engulfed in blazing flames.
The bag of meat is engulfed in blazing flames.
The bag of meat is struck by your spines.
The bag of meat hits you with a +9 war axe!!
* * * LOW HITPOINT WARNING * * *
The bag of meat is very cold.
The bag of meat is lightly wounded.
Items here: )) == † a +9 war axe; a +30 ring of slaying; a +9 war axe; a +30 ring of slaying a bag of meat corpse You are too injured to fight recklessly!
You are engulfed in blazing flames.
* * * LOW HITPOINT WARNING * * *
The meat berserker is struck by your spines.
The meat berserker hits you with a +9 battleaxe!!!!
You die...

........)#))...#.).....#....
......#.)....###)))....###..
.#..........)...).###.%.....
##.......#.....).%_........
#.....#.......#))%..#..
..###..........#_)<)_# .
....#......§#§)))%#
.......#....§O.._......
............@o§###......
.........###Oooo...###..
....... #o..o...# . ......
#.......# .... ......... .#.
....... ....... .......


You could see a large bag of meat (inner flame), a meat berserker (berserk) and
6 bags of meat.

Vanquished Creatures
  128 orcs (D)
  An Orb Guardian (D)
  A daeva (D)
  A balrug (D)
  3 sun demons (D)
  Dispater (D)
  4 vampire knights (D)
  22 ogres (D)
  5 two-headed ogres (D)
166 creatures vanquished.

Notes
Turn   | Place    | Note
-------+----------+-------------------------------------------
     0 | D        | Found the +∞ Axe of Woe
     0 | D        | Fang the Demonspawn Gladiator began the quest for the Orb.
     0 | D        | Reached XP level 1. HP: 16/16 MP: 1/1
     2 | D        | Noticed a bag of meat
     4 | D        | Became a worshipper of Makhleb the Destroyer
     4 | D        | Noticed a bag of meat
     6 | D        | Noticed a bag of meat
     6 | D        | Noticed a bag of meat
     6 | D        | Noticed a bag of meat
     9 | D        | Noticed a meat berserker
    11 | D        | Killed a bag of meat
    11 | D        | Gained mutation: You have sharp fingernails. [demonic
                  | ancestry]
    11 | D        | Reached XP level 2. HP: 43/43 MP: 2/2
    11 | D        | Gained mutation: You are partially covered in sharp spines.
                  | [demonic ancestry]
    11 | D        | Reached XP level 3. HP: 49/49 MP: 3/3
    11 | D        | Reached XP level 4. HP: 56/56 MP: 4/4
    11 | D        | Gained mutation: When hurt, damage is shared between your
                  | health and your magic reserves. [demonic ancestry]
    11 | D        | Reached XP level 5. HP: 62/62 MP: 5/5
    11 | D        | Gained mutation: You have sharp toenails. [demonic
                  | ancestry]
    11 | D        | Reached XP level 6. HP: 69/69 MP: 6/6
    11 | D        | Reached XP level 7. HP: 75/75 MP: 7/7
    11 | D        | Gained mutation: You regenerate magic rapidly. [demonic
                  | ancestry]
    11 | D        | Reached XP level 8. HP: 82/82 MP: 8/8
    11 | D        | Gained mutation: You have a pair of small horns on your
                  | head. [demonic ancestry]
    11 | D        | Reached XP level 9. HP: 88/88 MP: 9/9
    11 | D        | Gained mutation: You have a pair of horns on your head.
                  | [demonic ancestry]
    11 | D        | Reached XP level 10. HP: 95/95 MP: 10/10
    11 | D        | Reached XP level 11. HP: 101/101 MP: 11/11
    12 | D        | Killed a bag of meat
    12 | D        | Reached * piety under Makhleb
    12 | D        | Reached skill level 15 in Axes
    12 | D        | Reached skill level 15 in Throwing
    12 | D        | Reached skill level 15 in Dodging
    12 | D        | Gained mutation: When low on magic, you restore magic in
                  | place of health. [demonic ancestry]
    12 | D        | Reached XP level 12. HP: 113/113 MP: 12/12
    12 | D        | Killed a bag of meat
    12 | D        | Gained mutation: You have razor-sharp toenails. [demonic
                  | ancestry]
    12 | D        | Reached XP level 13. HP: 122/122 MP: 13/13
    12 | D        | Noticed a bag of meat
    12 | D        | Noticed a bag of meat
    12 | D        | Noticed a bag of meat
    14 | D        | Killed a bag of meat
    14 | D        | Reached XP level 14. HP: 133/133 MP: 14/14
    14 | D        | Noticed a bag of meat
    14 | D        | Noticed a bag of meat
    15 | D        | Killed a meat berserker
    15 | D        | Reached ** piety under Makhleb
    15 | D        | Gained mutation: You have very sharp fingernails. [demonic
                  | ancestry]
    15 | D        | Reached XP level 15. HP: 68/144 MP: 7/15
    17 | D        | Noticed a meat berserker
    18 | D        | Reached *** piety under Makhleb
    18 | D        | Gained mutation: You have claws for hands. [demonic
                  | ancestry]
    18 | D        | Reached XP level 16. HP: 145/157 MP: 9/16
    21 | D        | Gained mutation: You have claws for feet. [demonic
                  | ancestry]
    21 | D        | Reached XP level 17. HP: 169/169 MP: 8/17
    22 | D        | Reached **** piety under Makhleb
    22 | D        | Noticed a meat berserker
    24 | D        | Killed a meat berserker
    24 | D        | Reached skill level 27 in Fighting
    26 | D        | Killed a meat berserker
    26 | D        | Reached XP level 18. HP: 182/182 MP: 10/18
    26 | D        | Noticed a destroyer
    27 | D        | Noticed a meat berserker
    27 | D        | Noticed a meat berserker
    28 | D        | Reached ***** piety under Makhleb
    28 | D        | Reached skill level 27 in Axes
    28 | D        | Reached skill level 27 in Throwing
    28 | D        | Reached skill level 27 in Dodging
    28 | D        | Reached skill level 5 in Armour
    28 | D        | Reached skill level 5 in Unarmed Combat
    28 | D        | Reached skill level 5 in Spellcasting
    31 | D        | Killed a destroyer
    31 | D        | Gained mutation: Your flesh is cold resistant. (rC+)
                  | [demonic ancestry]
    31 | D        | Reached XP level 19. HP: 189/189 MP: 11/35
    32 | D        | Killed a meat berserker
    32 | D        | Reached skill level 15 in Armour
    32 | D        | Reached skill level 15 in Unarmed Combat
    32 | D        | Reached skill level 15 in Spellcasting
    35 | D        | Killed a meat berserker
    35 | D        | Reached XP level 20. HP: 181/197 MP: 13/41
    37 | D        | Reached ****** piety under Makhleb
    37 | D        | Noticed a destroyer
    41 | D        | Reached skill level 27 in Invocations
    41 | D        | Gained mutation: You have a pair of large horns on your
                  | head. [demonic ancestry]
    41 | D        | Reached XP level 21. HP: 204/204 MP: 14/46
    47 | D        | Killed a destroyer
    47 | D        | Reached skill level 27 in Stealth
    47 | D        | Reached XP level 22. HP: 202/212 MP: 11/51
    48 | D        | Reached skill level 27 in Armour
    48 | D        | Reached skill level 27 in Unarmed Combat
    48 | D        | Reached skill level 27 in Spellcasting
    51 | D        | Gained mutation: You are mostly covered in sharp spines.
                  | [demonic ancestry]
    51 | D        | Reached XP level 23. HP: 219/219 MP: 12/54
    59 | D        | Gained mutation: You are immune to freezing clouds.
                  | [demonic ancestry]
    59 | D        | Reached XP level 24. HP: 227/227 MP: 15/54
    64 | D        | Gained mutation: A frigid envelope surrounds you and
                  | freezes all who hurt you. [demonic ancestry]
    64 | D        | Reached XP level 25. HP: 234/234 MP: 19/54
    64 | D        | Noticed a large bag of meat
    68 | D        | Reached XP level 26. HP: 242/242 MP: 23/54
    72 | D        | Killed a large bag of meat
    75 | D        | Gained mutation: You are completely covered in sharp
                  | spines. [demonic ancestry]
    75 | D        | Reached XP level 27. HP: 249/249 MP: 7/54
    78 | D        | Noticed a destroyer
    86 | D        | Killed a destroyer
    93 | D        | Noticed a destroyer
   109 | D        | Noticed a large bag of meat
   122 | D        | Killed a destroyer
   122 | D        | Killed a large bag of meat
   149 | D        | Noticed The Meatlord
   151 | D        | Killed The Meatlord
   152 | D        | Got the Orb of Zot
   157 | D        | Noticed a large bag of meat
   158 | D        | Noticed a large bag of meat
   162 | D        | Killed a large bag of meat
   167 | D        | Killed a large bag of meat
   202 | D        | Reached skill level 27 in Short Blades
   202 | D        | Reached skill level 27 in Long Blades
   202 | D        | Reached skill level 27 in Maces & Flails
   202 | D        | Reached skill level 27 in Polearms
   202 | D        | Reached skill level 27 in Staves
   202 | D        | Reached skill level 27 in Slings
   202 | D        | Reached skill level 27 in Bows
   202 | D        | Reached skill level 27 in Crossbows
   202 | D        | Reached skill level 27 in Shields
   202 | D        | Reached skill level 27 in Conjurations
   202 | D        | Reached skill level 27 in Hexes
   202 | D        | Reached skill level 27 in Charms
   202 | D        | Reached skill level 27 in Summonings
   202 | D        | Reached skill level 27 in Necromancy
   202 | D        | Reached skill level 27 in Translocations
   202 | D        | Reached skill level 27 in Transmutations
   202 | D        | Reached skill level 27 in Fire Magic
   202 | D        | Reached skill level 27 in Ice Magic
   202 | D        | Reached skill level 27 in Air Magic
   202 | D        | Reached skill level 27 in Earth Magic
   202 | D        | Reached skill level 27 in Poison Magic
   202 | D        | Reached skill level 27 in Evocations
   216 | D        | Noticed a large bag of meat
   218 | D        | Noticed a large bag of meat
   222 | D        | Killed a large bag of meat
   225 | D        | Annihilated by a meat berserker

Skill      XL: |  1  2  3  4  5  6  7  8  9 10 11 12 13 14 15 16 17 18 19 20 21 22 23 24 25 26 27 |
---------------+----------------------------------------------------------------------------------+-----
Fighting       | 14 16 18 19 21 23 25 27 | 27.0
Axes           | 13 15 17 18 19 22 23 26 27 | 27.0
Throwing       | 13 15 16 18 19 21 23 26 27 | 27.0
Dodging        | 13 15 17 18 19 22 23 26 27 | 27.0
Armour         | 12 17 21 25 27 | 27.0
Stealth        | 13 19 22 27 | 27.0
Unarmed Combat | 12 17 21 25 27 | 27.0
Spellcasting   | 12 17 21 25 27 | 27.0
Invocations    | 17 23 27 | 27.0
Short Blades   | 27 | 27.0
Long Blades    | 27 | 27.0
Maces & Flails | 27 | 27.0
Polearms       | 27 | 27.0
Staves         | 27 | 27.0
Slings         | 27 | 27.0
Bows           | 27 | 27.0
Crossbows      | 27 | 27.0
Shields        | 27 | 27.0
Conjurations   | 27 | 27.0
Hexes          | 27 | 27.0
Charms         | 27 | 27.0
Summonings     | 27 | 27.0
Necromancy     | 27 | 27.0
Translocations | 27 | 27.0
Transmutations | 27 | 27.0
Fire Magic     | 27 | 27.0
Ice Magic      | 27 | 27.0
Air Magic      | 27 | 27.0
Earth Magic    | 27 | 27.0
Poison Magic   | 27 | 27.0
Evocations     | 27 | 27.0

Action                   |  1- 3 |  4- 6 |  7- 9 | 10-12 | 13-15 | 16-18 | 19-21 | 22-24 | 25-27 || total
-------------------------+-------+-------+-------+-------+-------+-------+-------+-------+-------++-------
Melee: Executioner's axe |     1 |       |       |     1 |     4 |     8 |     9 |    12 |    82 ||   117
 Stab: Distracted        |       |       |       |       |       |       |       |       |     1 ||     1
Armor: Leather armour    |       |       |       |       |       |       |       |       |     1 ||     1
Dodge: Dodged            |       |       |       |       |     1 |     1 |     1 |       |     7 ||    10
